NCAA
CINCINNATI BEARCATS @ OREGON DUCKS
04/21/2026
 
TOP OF THE 1ST
Cincinnati Bearcats batting - Pitching for Oregon Ducks : RHP Larry Phelps
Pitching: RHP Larry Phelps
Batting: RHB Phil Poole 0-0: Ball
1-0: Bunted foul
1-1: Ball
2-1: Ball
3-1: Foul Ball, location: 2F
3-2: Fly out, F8 (Popup, 4MD)
Batting: RHB Bradley Burns 0-0: Called Strike
0-1: Swinging Strike
0-2: Ball
1-2: Fly out, F3 (Popup, 13S)
Batting: RHB Dave Jackson 0-0: Called Strike
0-1: Ground out 6-3 (Groundball, 6M)
Top of the 1st over - 0 run(s), 0 hit(s), 0 error(s), 0 left on base; Cincinnati 0 - Oregon 0
BOTTOM OF THE 1ST
Oregon Ducks batting - Pitching for Cincinnati Bearcats : RHP Chris Williams
Pitching: RHP Chris Williams
Batting: RHB Kris Ballard 0-0: Ball
1-0: Swinging Strike
1-1: Ball
2-1: Ball
3-1: Foul Ball, location: 2F
3-2: Foul Ball, location: 2F
3-2: Base on Balls
Batting: RHB Nate Trevino 0-0: Called Strike
0-1: Ball
1-1: Ball
2-1: Ball
3-1: SINGLE (Popup, 8RS)
Kris Ballard to second
Runner from 2nd tries for 3rd, OUT!
Nate Trevino to second
Batting: RHB Bob Levinson 0-0: Ball
Wild Pitch!
Nate Trevino to third
1-0: SINGLE (Line Drive, 34)
Nate Trevino scores
Batting: RHB Raúl González 0-0: Ball
1-0: Ball
2-0: Fly out, F8 (Flyball, 89M)
Batting: LHB Bill Stephenson 0-0: Ball
1-0: Ball
2-0: Called Strike
2-1: Ground out 6-3 (Groundball, 6)
Bottom of the 1st over - 1 run(s), 2 hit(s), 0 error(s), 1 left on base; Cincinnati 0 - Oregon 1
TOP OF THE 2ND
Cincinnati Bearcats batting - Pitching for Oregon Ducks : RHP Larry Phelps
Batting: RHB Dave Richards 0-0: Ball
1-0: Called Strike
1-1: Swinging Strike
1-2: Ball
2-2: Ball
3-2: Foul Ball, location: 2F
3-2: Base on Balls
Batting: RHB Roberto Villela 0-0: Called Strike
0-1: Foul Ball, location: 2F
0-2: Grounds into double play, 6-4-3 (Groundball, 6M)
Batting: RHB Cipriano Baca 0-0: Swinging Strike
0-1: Ball
1-1: Ball
2-1: Ball
3-1: Base on Balls
Batting: SHB Mathew Olson 0-0: Ball
Cipriano Baca is caught stealing 2nd base
Top of the 2nd over - 0 run(s), 0 hit(s), 0 error(s), 0 left on base; Cincinnati 0 - Oregon 1
BOTTOM OF THE 2ND
Oregon Ducks batting - Pitching for Cincinnati Bearcats : RHP Chris Williams
Batting: RHB José Rosales 0-0: Swinging Strike
0-1: Bunt for hit - play at first, batter OUT! 1-3
Batting: LHB Justin McCoy 0-0: Ball
1-0: Called Strike
1-1: Ball
2-1: Foul Ball, location: 2F
2-2: Foul Ball, location: 2F
2-2: DOUBLE (Line Drive, 8LD)
Batting: RHB William Ewing 0-0: Ball
1-0: Called Strike
1-1: Swinging Strike
1-2: Strikes out swinging
Batting: RHB Jason Wheeler 0-0: Called Strike
0-1: Ball
1-1: Called Strike
1-2: Ball
2-2: Foul Ball, location: 2F
2-2: Strikes out swinging
Bottom of the 2nd over - 0 run(s), 1 hit(s), 0 error(s), 1 left on base; Cincinnati 0 - Oregon 1
TOP OF THE 3RD
Cincinnati Bearcats batting - Pitching for Oregon Ducks : RHP Larry Phelps
Batting: SHB Mathew Olson 0-0: Called Strike
0-1: Ball
1-1: Ball
2-1: Ball
3-1: SINGLE (Groundball, 34) (infield hit)
Batting: RHB Ed Fuhrman 0-0: Ball
1-0: Called Strike
1-1: Foul Ball, location: 2F
1-2: Foul Ball, location: 2F
1-2: SINGLE (Flyball, 8LS)
Mathew Olson to second
Batting: RHB Henry Haines 0-0: Foul Ball, location: 2F
0-1: Ball
1-1: Foul Ball, location: 2F
1-2: Fly out, F7 (Flyball, 7M)
Batting: RHB Phil Poole 0-0: Ball
1-0: SINGLE (Groundball, 34)
Mathew Olson to third
Ed Fuhrman to second
Batting: RHB Bradley Burns 0-0: Called Strike
0-1: Ball
1-1: Called Strike
1-2: Fly out, F4 (Popup, 4MD)
Batting: RHB Dave Jackson 0-0: Called Strike
0-1: Called Strike
0-2: Ball
1-2: Fly out, F5 (Popup, 25F)
Top of the 3rd over - 0 run(s), 3 hit(s), 0 error(s), 3 left on base; Cincinnati 0 - Oregon 1
BOTTOM OF THE 3RD
Oregon Ducks batting - Pitching for Cincinnati Bearcats : RHP Chris Williams
Batting: RHB Kris Ballard 0-0: Ball
1-0: Swinging Strike
1-1: Foul Ball, location: 2F
1-2: Fly out, F9 (Flyball, 9M)
Batting: RHB Nate Trevino 0-0: Called Strike
0-1: Ball
1-1: Ball
2-1: Foul Ball, location: 2F
2-2: Ball
3-2: Foul Ball, location: 2F
3-2: Foul Ball, location: 2F
3-2: Fly out, F9 (Flyball, 9M)
Batting: RHB Bob Levinson 0-0: Ball
1-0: Called Strike
1-1: Ball
2-1: Ground out 1-3 (Groundball, 13S)
Bottom of the 3rd over - 0 run(s), 0 hit(s), 0 error(s), 0 left on base; Cincinnati 0 - Oregon 1
TOP OF THE 4TH
Cincinnati Bearcats batting - Pitching for Oregon Ducks : RHP Larry Phelps
Batting: RHB Dave Richards 0-0: SINGLE (Groundball, 34S)
Batting: RHB Roberto Villela 0-0: Swinging Strike
0-1: Called Strike
0-2: Strikes out looking
Batting: RHB Cipriano Baca 0-0: Ball
1-0: Called Strike
1-1: Foul Ball, location: 2F
1-2: Fly out, F9 (Flyball, 89M)
Batting: SHB Mathew Olson 0-0: Called Strike
0-1: SINGLE (Groundball, 4MD)
Dave Richards to second
Batting: RHB Ed Fuhrman 0-0: Called Strike
0-1: Ball
1-1: Foul Ball, location: 2F
1-2: Foul Ball, location: 2F
1-2: Ball
2-2: Foul Ball, location: 2F
2-2: Ball
3-2: Strikes out swinging
Top of the 4th over - 0 run(s), 2 hit(s), 0 error(s), 2 left on base; Cincinnati 0 - Oregon 1
BOTTOM OF THE 4TH
Oregon Ducks batting - Pitching for Cincinnati Bearcats : RHP Chris Williams
Batting: RHB Raúl González 0-0: SINGLE (Line Drive, 89S)
Batting: LHB Bill Stephenson 0-0: Ball
Wild Pitch!
Raúl González to second
1-0: Swinging Strike
1-1: Fly out, F6 (Popup, 4MD)
Batting: RHB José Rosales 0-0: Swinging Strike
0-1: Ball
1-1: Ball
2-1: Called Strike
2-2: Ball
3-2: Foul Ball, location: 2F
3-2: Base on Balls
Batting: LHB Justin McCoy 0-0: Called Strike
0-1: Ball
1-1: 3-RUN HOME RUN (Flyball, 7LD), Distance : 335 ft
Batting: RHB William Ewing 0-0: Fly out, F7 (Flyball, 7M)
Batting: RHB Jason Wheeler 0-0: Foul Ball, location: 2F
0-1: Ball
1-1: Ball
2-1: Foul Ball, location: 2F
2-2: Foul Ball, location: 2F
2-2: Ball
3-2: Strikes out looking
Bottom of the 4th over - 3 run(s), 2 hit(s), 0 error(s), 0 left on base; Cincinnati 0 - Oregon 4
TOP OF THE 5TH
Cincinnati Bearcats batting - Pitching for Oregon Ducks : RHP Larry Phelps
Batting: RHB Henry Haines 0-0: Foul Ball, location: 2F
0-1: Ground out 4-3 (Groundball, 4)
Batting: RHB Phil Poole 0-0: Called Strike
0-1: Fly out, F7 (Flyball, 7LM)
Batting: RHB Bradley Burns 0-0: Foul Ball, location: 2F
0-1: Called Strike
0-2: Foul Ball, location: 2F
0-2: Strikes out looking
Top of the 5th over - 0 run(s), 0 hit(s), 0 error(s), 0 left on base; Cincinnati 0 - Oregon 4
BOTTOM OF THE 5TH
Oregon Ducks batting - Pitching for Cincinnati Bearcats : RHP Chris Williams
Batting: RHB Kris Ballard 0-0: Called Strike
0-1: Foul Ball, location: 2F
0-2: Ball
1-2: Foul Ball, location: 2F
1-2: Foul Ball, location: 2F
1-2: Ground out U3 (Groundball, 3)
Pitching: RHP Wayne Foster
Batting: RHB Nate Trevino 0-0: Called Strike
0-1: Swinging Strike
0-2: Ball
1-2: Ball
2-2: Foul Ball, location: 2F
2-2: Strikes out swinging
Batting: RHB Bob Levinson 0-0: Called Strike
0-1: Fly out, F4 (Popup, 4MD)
Bottom of the 5th over - 0 run(s), 0 hit(s), 0 error(s), 0 left on base; Cincinnati 0 - Oregon 4
TOP OF THE 6TH
Cincinnati Bearcats batting - Pitching for Oregon Ducks : RHP Larry Phelps
Batting: RHB Dave Jackson 0-0: Called Strike
0-1: Ball
1-1: Ball
2-1: Ball
3-1: Base on Balls
Pitching: LHP Curt James
Batting: RHB Dave Richards 0-0: Swinging Strike
0-1: Ball
1-1: Ball
2-1: Foul Ball, location: 2F
2-2: Foul Ball, location: 2F
2-2: Strikes out swinging
Batting: RHB Roberto Villela 0-0: Grounds into double play, 5-4-3 (Groundball, 56)
Top of the 6th over - 0 run(s), 0 hit(s), 0 error(s), 0 left on base; Cincinnati 0 - Oregon 4
BOTTOM OF THE 6TH
Oregon Ducks batting - Pitching for Cincinnati Bearcats : RHP Wayne Foster
Batting: RHB Raúl González 0-0: Ball
1-0: Called Strike
1-1: Ball
2-1: Called Strike
2-2: Foul Ball, location: 2F
2-2: Ball
3-2: Strikes out swinging
Batting: LHB Bill Stephenson 0-0: Called Strike
0-1: Ball
1-1: Foul Ball, location: 2F
1-2: Foul Ball, location: 2F
1-2: SINGLE (Groundball, 34D)
Batting: RHB José Rosales 0-0: Ball
Bill Stephenson steals 2nd base
1-0: Foul Ball, location: 2F
1-1: Swinging Strike
1-2: Foul Ball, location: 2F
1-2: Foul Ball, location: 2F
1-2: Strikes out swinging
Batting: LHB Justin McCoy 0-0: Called Strike
0-1: Foul Ball, location: 2F
0-2: Ball
1-2: Ball
2-2: Fly out, F8 (Line Drive, 8RM)
Bottom of the 6th over - 0 run(s), 1 hit(s), 0 error(s), 1 left on base; Cincinnati 0 - Oregon 4
TOP OF THE 7TH
Cincinnati Bearcats batting - Pitching for Oregon Ducks : LHP Curt James
Batting: RHB Cipriano Baca 0-0: Fly out, F7 (Flyball, 7M)
Batting: SHB Mathew Olson 0-0: Bunt missed!
0-1: Called Strike
0-2: Ball
1-2: Foul Ball, location: 2F
1-2: Strikes out swinging
Batting: RHB Ed Fuhrman 0-0: Called Strike
0-1: Ball
1-1: Ball
2-1: Foul Ball, location: 2F
2-2: SINGLE (Groundball, 56D) (infield hit)
Batting: RHB Henry Haines 0-0: Foul Ball, location: 2F
0-1: Foul Ball, location: 2F
0-2: Ball
1-2: Foul Ball, location: 2F
1-2: Ball
2-2: DOUBLE (Flyball, 89M)
Ed Fuhrman to third
Runner from 3rd tries for Home, SAFE, throw made home
Batting: RHB Phil Poole 0-0: Ball
1-0: Ball
2-0: Called Strike
2-1: Ball
3-1: Base on Balls
Batting: RHB Bradley Burns 0-0: Called Strike
0-1: Ball
1-1: Ball
2-1: Swinging Strike
2-2: Ball
3-2: Strikes out looking
Top of the 7th over - 1 run(s), 2 hit(s), 0 error(s), 2 left on base; Cincinnati 1 - Oregon 4
BOTTOM OF THE 7TH
Oregon Ducks batting - Pitching for Cincinnati Bearcats : RHP Wayne Foster
Pitching: RHP Chad Clark
Batting: RHB William Ewing 0-0: Foul Ball, location: 2F
0-1: SINGLE (Groundball, 5D)
Batting: RHB Jason Wheeler 0-0: Ball
1-0: Called Strike
1-1: Sac Bunt - play at first, batter OUT! 1-3
William Ewing to second
Batting: RHB Kris Ballard 0-0: Called Strike
0-1: Ball
1-1: Foul Ball, location: 2F
1-2: Ball
2-2: Ball
3-2: Base on Balls
Batting: RHB Nate Trevino 0-0: Ball
1-0: Ball
2-0: Ball
3-0: Base on Balls
William Ewing to third
Kris Ballard to second
Batting: RHB Bob Levinson 0-0: Ball
1-0: Ball
2-0: Fielders Choice at 2nd, 4-6 (Groundball, 34)
William Ewing scores
Kris Ballard to third
Batting: RHB Raúl González 0-0: Foul Ball, location: 2F
0-1: Foul Ball, location: 2F
0-2: Ball
1-2: Ball
2-2: Strikes out looking
Bottom of the 7th over - 1 run(s), 1 hit(s), 0 error(s), 2 left on base; Cincinnati 1 - Oregon 5
TOP OF THE 8TH
Cincinnati Bearcats batting - Pitching for Oregon Ducks : LHP Curt James
Pitching: LHP Phil Sims
Batting: RHB Dave Jackson 0-0: Ball
1-0: Called Strike
1-1: Ball
2-1: Ball
3-1: Swinging Strike
3-2: Foul Ball, location: 2F
3-2: Base on Balls
Batting: RHB Dave Richards 0-0: Swinging Strike
0-1: Foul Ball, location: 2F
0-2: Ball
1-2: Ball
2-2: Foul Ball, location: 2F
2-2: Foul Ball, location: 2F
2-2: Ball
3-2: Base on Balls
Dave Jackson to second
Pitching: RHP Nelson Dixon
Batting: RHB Roberto Villela 0-0: Foul Ball, location: 2F
0-1: Ball
1-1: Called Strike
1-2: Ball
Balk!
Dave Jackson to third
Dave Richards to second
2-2: Ball
3-2: Foul Ball, location: 2F
3-2: Foul Ball, location: 2F
3-2: Foul Ball, location: 2F
3-2: Strikes out swinging
Batting: RHB Cipriano Baca 0-0: Ground out 1-3 (Groundball, 25)
Batting: SHB Mathew Olson 0-0: Foul Ball, location: 2F
0-1: Ground out U3 (Groundball, 3L)
Top of the 8th over - 0 run(s), 0 hit(s), 0 error(s), 2 left on base; Cincinnati 1 - Oregon 5
BOTTOM OF THE 8TH
Oregon Ducks batting - Pitching for Cincinnati Bearcats : RHP Chad Clark
Batting: LHB Bill Stephenson 0-0: Called Strike
0-1: Ball
1-1: Ball
2-1: Called Strike
2-2: Ball
3-2: Foul Ball, location: 2F
3-2: Ground out 6-3 (Groundball, 4M)
Batting: RHB José Rosales 0-0: Ball
1-0: Ball
2-0: Ball
3-0: Foul Ball, location: 2F
3-1: Base on Balls
Batting: LHB Justin McCoy 0-0: Ball
1-0: Foul Ball, location: 2F
1-1: Ball
2-1: Called Strike
2-2: Strikes out swinging
Batting: RHB William Ewing 0-0: Foul Ball, location: 2F
0-1: Reached on error, E6 (Groundball, 6)
José Rosales to third
Batting: RHB Jason Wheeler 0-0: Ball
1-0: Ball
2-0: Fly out, F9 (Flyball, 89M)
Bottom of the 8th over - 0 run(s), 0 hit(s), 1 error(s), 2 left on base; Cincinnati 1 - Oregon 5
TOP OF THE 9TH
Cincinnati Bearcats batting - Pitching for Oregon Ducks : RHP Nelson Dixon
Batting: RHB Ed Fuhrman 0-0: Called Strike
0-1: Ball
1-1: Ball
2-1: Foul Ball, location: 2F
2-2: Ball
3-2: Ground out 4-3 (Groundball, 4M)
Batting: RHB Henry Haines 0-0: Ball
1-0: Ball
2-0: Called Strike
2-1: Ball
3-1: Base on Balls
Batting: RHB Phil Poole 0-0: Foul Ball, location: 2F
0-1: Called Strike
0-2: Foul Ball, location: 2F
0-2: Ball
1-2: Strikes out swinging
Batting: RHB Bradley Burns 0-0: Ball
1-0: 2-RUN HOME RUN (Flyball, 78XD), Distance : 370 ft
Pitching: RHP Ronnie Johnston
Batting: RHB Dave Jackson 0-0: Fly out, F6 (Line Drive, 6)
Top of the 9th over - 2 run(s), 1 hit(s), 0 error(s), 0 left on base; Cincinnati 3 - Oregon 5
Monday, December 5th, 2016 - OOTP Baseball 17.12 Build 75